 Dungeon Crawl Stone Soup version 0.18-a0-1718-g40ea4b6 (webtiles) character file.

448 MrSkeltal the Changer (level 7, -4/32 HPs)
             Began as a Vine Stalker Transmuter on Apr 8, 2016.
             Was an Initiate of Cheibriados.
             Slain by a wight
             ... wielding a cursed +0 war axe
              (7 damage)
             ... on level 4 of the Dungeon.
             The game lasted 00:11:11 (2930 turns).

MrSkeltal the Changer (Vine Stalker Transmuter)     Turns: 2930, Time: 00:11:12

Health: -4/32      AC:  5    Str: 13 (15) XL:     7   Next: 3%
Magic:  0/11       EV: 10    Int: 14 (15) God:    Cheibriados [......]
Gold:   229        SH:  0    Dex: 15      Spells: 3 memorised, 4 levels left

rFire  . . .     SeeInvis .       - Unarmed
rCold  . . .     Gourm    .     h - +0 ring mail
rNeg   . . .     Faith    .     (no shield)
rPois  .         Spirit   +     (no helmet)
rElec  .         Dismiss  .     (no cloak)
rCorr  .         Reflect  .     (no gloves)
SustAt .         Harm     .     (no boots)
MR     ++...                    (no amulet)
Stlth  +.........               (no ring)
                                m - ring of protection from magic

@: very slightly contaminated, heavily drained, very slow, very resistant to
hostile enchantments, very unstealthy
A: fangs 2, blink, magic resistance 1, regeneration 2, magic shield, antimagic
bite, no device heal 3, rot immunity
a: Blink, Bend Time, Renounce Religion


You were on level 4 of the Dungeon.
You worshipped Cheibriados.
Cheibriados was noncommittal.
You were not hungry.

You visited 2 branches of the dungeon, and saw 5 of its levels.

You collected 229 gold pieces.

Inventory:

Missiles
 a - 55 arrows
 o - 7 arrows of dispersal
Armour
 b - a +0 robe
 h - a +0 ring mail (worn)
Jewellery
 m - a ring of protection from magic (left hand)
Wands
 s - a wand of iceblast (8/15)
Scrolls
 g - 2 scrolls of identify
 k - a scroll of enchant armour {unknown}
 n - a scroll of recharging {unknown}
 p - a scroll of fog {unknown}
 q - a scroll of amnesia {unknown}
Potions
 e - a potion of curing
Books
 c - a book of Changes

   Spells                             Type                      Level
   a - Beastly Appendage              Transmutation                1
   b - Sticks to Snakes               Transmutation                2
   c - Spider Form                    Transmutation/Poison         3
   d - Ice Form                       Ice/Transmutation            4
   e - Blade Hands                    Transmutation                5
Comestibles
 d - 2 bread rations
 l - 2 meat rations


   Skills:
 - Level 0.8(0.0) Fighting
 - Level 1.5(0.0) Dodging
 - Level 5.0(3.0) Unarmed Combat
 - Level 2.1(0.3) Spellcasting
 + Level 6.1(4.1) Transmutations


You had 4 spell levels left.
You knew the following spells:

 Your Spells              Type           Power        Failure   Level  Hunger
a - Beastly Appendage     Trmt           ##....       14%         1    ##.....
b - Sticks to Snakes      Trmt           ##......     21%         2    ###....
c - Spider Form           Trmt/Pois      #.........   82%         3    ####...


Dungeon Overview and Level Annotations

Branches:
Dungeon (4/15)             Temple (1/1) D:4

Altars:
Cheibriados
Dithmenos
Elyvilon
Fedhas
Gozag
Makhleb
Nemelex Xobeh
Okawaru
Qazlal
Ru
Sif Muna
Trog
Vehumet
Xom
The Shining One

Annotations:
D:3 dohliylev's ghost, amateur GrFi


Innate Abilities, Weirdness & Mutations

You have extremely sharp teeth.
You heal very quickly.
When hurt, damage is shared between your health and your magic reserves.
Your bite disrupts and absorbs the magic of your enemies.
Potions and wands cannot restore your health.
You are immune to rotting.
You can translocate small distances at will.
You are resistant to hostile enchantments.


Message History

The wight hits you from afar with a halberd!
You feel drained.
The wight hits you from afar with a halberd!
* * * LOW HITPOINT WARNING * * *
Drink which item? (? for menu, Esc to quit)
You have no ailments to cure.
Read which item? (? for menu, Esc to quit)
Okay, then.
Unknown command.
Casting: Beastly Appendage
Confirm with . or Enter, or press ? or * to list all spells.
You miscast Sticks to Snakes.
You are very lightly contaminated with residual magic.
Multicoloured lights dance before your eyes!
The wight hits you from afar with a halberd.
* * * LOW HITPOINT WARNING * * *
You feel drained.
* * * LOW HITPOINT WARNING * * *
The wight hits you with a war axe!
You die...

#####.......#..##....##..#....#..
#.......#..'.....#####....#..
#....z..'..#.....#........#..
###.....z.##########........#..
#.)..z######...............))..
..#.....#....#................#..
..'...z.#....+........####....###
###.....####'#....<...#..'...[...
..............zz@)##'##..#.......
..............z...#..##..#.......
..................#..#########...
..............[...#####.>.# #...
........#######.......#...# #...
####....# #.......#...# #...
#....# #.......##'## #... #....
#...........# #### ########....#


You could see 3 wights.

Vanquished Creatures
  Eustachio (D:4)
  A hound (D:4)
  A giant frog skeleton (D:4)
  6 gnolls
  9 adders
  2 worms
  A dart slug (D:3)
  3 giant geckos
  3 orcs
  A ball python (D:2)
  3 giant cockroaches
  8 goblins
  3 hobgoblins
  4 jackals (D:4)
  A quokka (D:2)
  9 bats
  A giant gecko skeleton (D:4)
  4 giant newts
  3 kobolds
  3 rats
67 creatures vanquished.

Vanquished Creatures (collateral kills)
  An iguana (D:4)
  A gnoll (D:2)
2 creatures vanquished.

Grand Total: 69 creatures vanquished

Notes
Turn   | Place    | Note
--------------------------------------------------------------
     0 | D:1      | MrSkeltal the Vine Stalker Transmuter began the quest for the Orb.
     0 | D:1      | Reached XP level 1. HP: 9/9 MP: 4/4
   272 | D:1      | Reached XP level 2. HP: 10/14 MP: 4/6
   619 | D:2      | Learned a level 2 spell: Sticks to Snakes
   825 | D:2      | Reached XP level 3. HP: 7/17 MP: 7/7
   972 | D:2      | Found a faded altar to an unknown god.
   984 | D:2      | Reached skill level 3 in Transmutations
  1127 | D:2      | Reached XP level 4. HP: 15/21 MP: 4/8
  1388 | D:3      | Noticed dohliylev's ghost (amateur GrFi)
  1554 | D:3      | Reached XP level 5. HP: 15/25 MP: 6/9
  1747 | D:3      | Gained mutation: You are resistant to hostile enchantments. [potion of mutation]
  1747 | D:3      | Gained mutation: You can translocate small distances at will. [potion of mutation]
  2334 | D:4      | Reached skill level 5 in Unarmed Combat
  2334 | D:4      | Reached skill level 4 in Transmutations
  2339 | D:4      | Learned a level 3 spell: Spider Form
  2486 | D:4      | Gained mutation: You heal very quickly. [Vine Stalker growth]
  2486 | D:4      | Reached XP level 6. HP: 20/29 MP: 4/10
  2604 | D:4      | Noticed Eustachio
  2625 | D:4      | Killed Eustachio
  2625 | D:4      | Reached skill level 5 in Transmutations
  2734 | D:4      | Reached skill level 6 in Transmutations
  2734 | D:4      | Reached XP level 7. HP: 29/32 MP: 11/11
  2772 | D:4      | Found a staircase to the Ecumenical Temple.
  2781 | Temple   | Entered the Ecumenical Temple
  2792 | Temple   | Became a worshipper of Cheibriados the Contemplative
  2930 | D:4      | Slain by a wight

Vault maps used:
D:1:      eino_arrival_cavern_b, hangedman_glass_teeth
D:2:      ecumenical_altar_1, kennysheep_nondescript
D:3:      minmay_misc_feat_ornament
D:4:      minmay_temple_entry_trees, minmay_misc_feat_diagonals, uniq_eustachio
Temple:   nicolae_temple_no_exploring_needed

Skill      XL: |  1  2  3  4  5  6 |
---------------+-------------------+-----
Transmutations | 3 4 6 |  6.1
Unarmed Combat | 4 5 |  5.0
Fighting       | |  0.8
Dodging        | |  1.5
Spellcasting   | |  2.1

Action                   |  1- 3 |  4- 6 |  7- 9 || total
-------------------------+-------+-------+-------++-------
Melee: Unarmed           |    95 |   191 |    28 ||   314
 Cast: Beastly Appendage |     4 |    15 |     1 ||    20
       Sticks to Snakes  |     1 |     6 |       ||     7
  Use: Potion            |       |     3 |       ||     3
       Scroll            |       |       |     4 ||     4
 Stab: Distracted        |       |     1 |       ||     1
  Eat: Chunk             |     1 |     3 |       ||     4
       Bread ration      |       |     1 |       ||     1
